AoeStats
← yaximi

Lombardia

507712041Analyzed
4v4 RM · 12d ago on Sep 19, 2026· 21m 49s· 8 players
Game mode
Random Map
Map size
Large (8 player)
Population
200
Speed
Normal
Resources
Standard
Victory
Conquest
Starting age
Dark Age
Ending age
Imperial Age
RankedLock teamsTeams togetherTeam positionsShared explorationLock speedFull tech treeHidden civsTurbo modeCheats
Victory
Defeat
🇭🇰 Mongols · Hong Kong SAR China
1686
+10
🇹🇼 Hindustanis · Taiwan
1634
+12
🇨🇳 Persians · China
1625
+12
🇩🇪 Bulgarians · Germany
1583
+14
🇨🇳 Saracens · China
1595
-15
🇫🇷 Inca · France
1568
-13
🇦🇺 Muisca · Australia
1547
-12
🇨🇳 Huns · China
1446
-8
Lightning
5:48 Loom
9:22 Feudal Age
9:55 Double-Bit Axe
10:45 Horse Collar
13:59 Wheelbarrow
18:43 Castle Age
G.E.M
7:03 Loom
9:14 Feudal Age
10:00 Double-Bit Axe
14:30 Horse Collar
Xun
10:26 Feudal Age
14:15 Castle Age
12:17 Double-Bit Axe
12:49 Gold Mining
21:45 Loom
Getsuga Tensho
10:17 Feudal Age
12:38 Loom
13:35 Loom
16:18 Castle Age
14:58 Double-Bit Axe
15:38 Horse Collar
Mewes96
10:24 Feudal Age
14:27 Castle Age
12:26 Double-Bit Axe
13:03 Horse Collar
鼠條
11:33 Feudal Age
12:30 Double-Bit Axe
15:08 Castle Age
13:46 Horse Collar
18:32 Loom
21:46 Wheelbarrow
yaximi
10:25 Feudal Age
14:22 Castle Age
12:43 Double-Bit Axe
13:15 Horse Collar
16:06 Bow Saw
Allen
11:07 Feudal Age
12:52 Loom
16:04 Castle Age
14:16 Double-Bit Axe
14:46 Horse Collar
16:43 Bow Saw
20:08 Wheelbarrow
Connection lost

Rejoining the realm…

Still unreachable

The connection could not be restored.

Session expired

The server has moved on; the page needs a fresh start.